General information
- name: BNet
- type: Ladder team game (AT/RT)
- host: Battle.net
- saver: TreantTongue
map: FullScaleAssault
- players: 8
- length: 54:13
- speed: Fast
- version: 1.26 W3XP
- replay type: Public
» download(311 KB)
Players
team 1 (loser)

»
BlazeFury (
blue | 49 APM | 2654 actions | 54:13)
6 Mountain King
3 Storm Bolt
2 Bash
1 Avatar
5 Paladin
3 Holy Light
2 Divine Shield
» actions
| Assign group hotkey | 17 | |
| Basic commands | 7 | |
| Build / train | 85 | |
| Enter build submenu | 40 | |
| Enter hero's abilities submenu | 11 | |
| Give item / drop item | 14 | |
| Remove unit from queue | 1 | |
| Right click | 1629 | |
| Select / deselect | 447 | |
| Select group hotkey | 234 | |
| Use ability | 167 | |
2654 total
» units
| Peasant | 13 | |
| Gryphon Rider | 14 | |
| Goblin Zeppelin | 1 | |
| Dragonhawk Rider | 3 | |
| Blue Dragon Whelp | 1 | |
| Blue Drake | 1 | |
33 total
» upgrades
| Masonry | 1 | |
| Lumber Harvesting | 1 | |
| Storm Hammers | 1 | |
| Cloud | 1 | |
| Swords | 1 | |
5 total
» buildings
| Altar of Kings | 1 | |
| Arcane Vault | 1 | |
| Farm | 15 | |
| Keep | 1 | |
| Lumber Mill | 1 | |
| Scout Tower | 7 | |
| Arcane Tower | 2 | |
| Castle | 1 | |
| Gryphon Aviary | 3 | |
| Guard Tower | 4 | |
| Town Hall | 2 | |
| Blacksmith | 1 | |
39 total
» build order
00:20 Altar of Kings
00:32 Arcane Vault
01:04 Farm
01:06 Farm
01:39 Farm
02:19 Farm
02:30 Keep
02:59 Lumber Mill
03:05 Farm
03:22 Scout Tower
03:24 Scout Tower
03:26 Farm
03:59 Arcane Tower
04:17 Farm
05:02 Castle
05:09 Gryphon Aviary
05:11 Gryphon Aviary
05:59 Scout Tower
06:01 Scout Tower
06:05 Scout Tower
06:14 Guard Tower
06:34 Guard Tower
06:54 Gryphon Aviary
07:11 Guard Tower
07:35 Farm
08:21 Farm
10:22 Town Hall
10:49 Farm
13:17 Blacksmith
14:32 Farm
14:33 Scout Tower
14:33 Scout Tower
15:42 Guard Tower
24:55 Farm
24:56 Arcane Tower
27:32 Town Hall
28:18 Farm
28:19 Farm
28:21 Farm
» items
| Scroll of Regeneration | 4 | |
| Lesser Clarity Potion | 4 | |
| Ivory Tower | 4 | |
| Orb of Fire | 1 | |
| Staff of Sanctuary | 1 | |
| Potion of Healing | 1 | |
| Boots of Speed | 2 | |
| Scroll of Town Portal | 4 | |
| Potion of Lesser Invulnerability | 2 | |
| Circlet of Nobility | 1 | |
| Staff of Teleportation | 1 | |
| Scroll of Healing | 1 | |
26 total

»
CanIWinPlease (
teal | 87 APM | 2850 actions | 32:46)
5 Priestess of the Moon
3 Trueshot Aura
2 Searing Arrows
6 Keeper of the Grove
3 Entangling Roots
2 Thorns Aura
1 Tranquility
» actions
| Assign group hotkey | 37 | |
| Basic commands | 144 | |
| Build / train | 90 | |
| ESC pressed | 6 | |
| Enter build submenu | 22 | |
| Enter hero's abilities submenu | 11 | |
| Right click | 1048 | |
| Select / deselect | 237 | |
| Select group hotkey | 1137 | |
| Use ability | 118 | |
2850 total
» units
| Wisp | 24 | |
| Archer | 16 | |
| Hippogryph | 14 | |
| Goblin Shredder | 2 | |
56 total
» upgrades
| Strength of the Moon | 3 | |
| Moon Armor | 3 | |
| Improved Bows | 1 | |
| Hippogryph Taming | 1 | |
| Ultravision | 1 | |
| Marksmanship | 1 | |
| Well Spring | 1 | |
| Nature's Blessing | 1 | |
12 total
» buildings
| Altar of Elders | 1 | |
| Moon Well | 7 | |
| Ancient of War | 2 | |
| Ancient of Wonders | 1 | |
| Tree of Ages | 2 | |
| Hunter's Hall | 1 | |
| Ancient of Wind | 2 | |
| Tree of Eternity | 1 | |
| Tree of Life | 4 | |
21 total
» build order
00:17 Altar of Elders
00:23 Moon Well
00:45 Ancient of War
01:48 Moon Well
02:06 Ancient of Wonders
03:33 Tree of Ages
03:33 Tree of Ages
03:38 Moon Well
03:57 Hunter's Hall
04:43 Moon Well
06:41 Ancient of Wind
07:22 Tree of Eternity
09:45 Moon Well
10:46 Tree of Life
14:44 Ancient of War
14:48 Ancient of Wind
16:50 Tree of Life
22:26 Moon Well
22:46 Moon Well
23:37 Tree of Life
24:49 Tree of Life
» items
| Staff of Preservation | 1 | |
| Moonstone | 1 | |
| Scroll of Town Portal | 2 | |
| Orb of Venom | 1 | |
5 total
TreantTongue (
red | 52 APM | 2819 actions | 54:13)
7 Blademaster
3 Wind Walk
3 Critical Strike
1 Bladestorm
» actions
| Assign group hotkey | 105 | |
| Basic commands | 198 | |
| Build / train | 90 | |
| Enter build submenu | 54 | |
| Enter hero's abilities submenu | 7 | |
| Give item / drop item | 17 | |
| Right click | 1274 | |
| Select / deselect | 475 | |
| Select group hotkey | 255 | |
| Use ability | 344 | |
2819 total
» units
| Peon | 11 | |
| Grunt | 5 | |
| Goblin Shredder | 1 | |
| Goblin Sapper | 4 | |
| Goblin Zeppelin | 2 | |
| Troll Batrider | 3 | |
| Blue Dragon | 3 | |
| Wind Rider | 12 | |
41 total
» upgrades
| Reinforced Defenses | 1 | |
| Ranged Weapons | 3 | |
| Armor | 3 | |
| Liquid Fire | 2 | |
| Envenomed Spears | 1 | |
| Troll Regeneration | 1 | |
11 total
» buildings
| Orc Burrow | 6 | |
| Altar of Storms | 1 | |
| Barracks | 1 | |
| Voodoo Lounge | 3 | |
| Stronghold | 4 | |
| Great Hall | 3 | |
| War Mill | 1 | |
| Watch Tower | 42 | |
| Fortress | 1 | |
| Beastiary | 4 | |
66 total
» build order
00:13 Orc Burrow
00:51 Altar of Storms
00:52 Barracks
01:05 Orc Burrow
02:00 Voodoo Lounge
02:50 Stronghold
02:50 Stronghold
02:51 Stronghold
03:29 Orc Burrow
04:48 Great Hall
04:59 War Mill
06:15 Watch Tower
06:16 Watch Tower
06:17 Watch Tower
06:19 Watch Tower
07:20 Watch Tower
07:21 Watch Tower
07:22 Watch Tower
08:58 Fortress
09:06 Watch Tower
09:07 Watch Tower
09:08 Watch Tower
09:09 Watch Tower
09:10 Watch Tower
09:11 Watch Tower
13:13 Watch Tower
13:15 Watch Tower
13:17 Watch Tower
13:19 Watch Tower
13:21 Watch Tower
16:03 Beastiary
16:06 Beastiary
16:08 Beastiary
16:11 Beastiary
17:18 Great Hall
17:21 Watch Tower
17:22 Watch Tower
17:22 Watch Tower
17:23 Watch Tower
17:25 Watch Tower
17:25 Watch Tower
17:25 Watch Tower
17:26 Watch Tower
17:31 Voodoo Lounge
21:59 Watch Tower
22:01 Watch Tower
22:03 Watch Tower
22:06 Watch Tower
22:08 Watch Tower
25:31 Orc Burrow
25:35 Orc Burrow
25:40 Orc Burrow
29:59 Watch Tower
30:02 Watch Tower
30:05 Watch Tower
31:10 Great Hall
31:12 Watch Tower
31:13 Watch Tower
31:13 Watch Tower
31:14 Watch Tower
31:17 Watch Tower
31:18 Watch Tower
31:18 Watch Tower
31:19 Watch Tower
39:17 Voodoo Lounge
» items
| Healing Salve | 4 | |
| Mechanical Critter | 3 | |
| Scroll of Regeneration | 1 | |
| Potion of Healing | 1 | |
| Potion of Mana | 2 | |
| Lesser Clarity Potion | 2 | |
| Scroll of Town Portal | 7 | |
| Periapt of Vitality | 1 | |
| Staff of Teleportation | 2 | |
| Orb of Lightning | 1 | |
24 total
Pr0FeC (
purple | 33 APM | 1077 actions | 32:49)
6 Archmage
3 Blizzard
2 Brilliance Aura
1 Mass Teleport
» actions
| Basic commands | 81 | |
| Build / train | 97 | |
| Enter build submenu | 21 | |
| Enter hero's abilities submenu | 7 | |
| Give item / drop item | 6 | |
| Remove unit from queue | 2 | |
| Right click | 316 | |
| Select / deselect | 415 | |
| Use ability | 132 | |
1077 total
» units
| Peasant | 24 | |
| Spell Breaker | 22 | |
| Priest | 9 | |
| Sorceress | 4 | |
59 total
» upgrades
| Swords | 3 | |
| Plating | 3 | |
| Priest Training | 2 | |
8 total
» buildings
| Altar of Kings | 1 | |
| Farm | 10 | |
| Lumber Mill | 1 | |
| Scout Tower | 1 | |
| Arcane Tower | 1 | |
| Arcane Vault | 1 | |
| Keep | 1 | |
| Blacksmith | 1 | |
| Castle | 1 | |
| Arcane Sanctum | 3 | |
| Town Hall | 2 | |
23 total
» build order
00:23 Altar of Kings
00:36 Farm
00:53 Lumber Mill
01:12 Farm
01:27 Scout Tower
01:56 Arcane Tower
02:05 Arcane Vault
02:54 Keep
03:15 Blacksmith
04:36 Farm
05:53 Castle
05:55 Arcane Sanctum
05:58 Arcane Sanctum
05:59 Arcane Sanctum
06:44 Farm
07:18 Farm
08:05 Farm
08:46 Farm
09:28 Farm
13:22 Farm
14:06 Farm
26:14 Town Hall
28:09 Town Hall
» items
| Periapt of Vitality | 1 | |
| Circlet of Nobility | 4 | |
| Staff of Teleportation | 1 | |
| Scroll of Town Portal | 4 | |
| Boots of Speed | 1 | |
| Scroll of Regeneration | 4 | |
15 total
team 2 (winner)
meghan (
yellow | 33 APM | 1771 actions | 54:13)
6 Archmage
3 Summon Water Elemental
2 Brilliance Aura
1 Mass Teleport
1 Paladin
1 Holy Light
» actions
| Assign group hotkey | 24 | |
| Basic commands | 5 | |
| Build / train | 126 | |
| Enter build submenu | 30 | |
| Enter hero's abilities submenu | 7 | |
| Right click | 871 | |
| Select / deselect | 500 | |
| Select group hotkey | 140 | |
| Use ability | 65 | |
1771 total
» units
| Peasant | 31 | |
| Priest | 12 | |
| Spell Breaker | 8 | |
| Knight | 11 | |
| Sorceress | 7 | |
| Blue Drake | 2 | |
| Peon | 10 | |
| Blue Dragon | 1 | |
82 total
» upgrades
| Masonry | 2 | |
| Lumber Harvesting | 2 | |
| Priest Training | 2 | |
| Swords | 3 | |
| Plating | 3 | |
| Sorceress Training | 2 | |
| Animal War Training | 1 | |
15 total
» buildings
| Altar of Kings | 1 | |
| Farm | 15 | |
| Arcane Vault | 2 | |
| Lumber Mill | 1 | |
| Scout Tower | 2 | |
| Arcane Tower | 1 | |
| Keep | 1 | |
| Town Hall | 3 | |
| Castle | 1 | |
| Guard Tower | 4 | |
| Arcane Sanctum | 2 | |
| Blacksmith | 1 | |
| Barracks | 1 | |
| Great Hall | 2 | |
37 total
» build order
00:09 Altar of Kings
00:12 Farm
00:51 Farm
01:18 Arcane Vault
01:25 Lumber Mill
01:35 Scout Tower
02:08 Farm
02:22 Arcane Tower
03:56 Keep
05:01 Town Hall
05:23 Farm
06:13 Scout Tower
06:18 Castle
06:43 Guard Tower
06:51 Guard Tower
07:02 Guard Tower
07:17 Arcane Sanctum
07:39 Arcane Vault
09:04 Blacksmith
10:10 Guard Tower
11:14 Arcane Sanctum
12:11 Barracks
13:52 Farm
14:07 Farm
14:28 Farm
14:44 Farm
20:47 Farm
21:13 Farm
22:18 Farm
22:43 Farm
23:15 Farm
23:29 Farm
23:58 Farm
35:34 Great Hall
36:02 Town Hall
42:49 Great Hall
44:06 Town Hall
» items
| Ivory Tower | 6 | |
| Orb of Fire | 1 | |
| Potion of Healing | 3 | |
| Scroll of Town Portal | 2 | |
| Scroll of Regeneration | 1 | |
13 total

»
ShippedMyPants (
pink | 73 APM | 1157 actions | 15:48)
4 Dark Ranger
2 Black Arrow
2 Silence
1 Keeper of the Grove
1 Entangling Roots
» actions
| Assign group hotkey | 26 | |
| Build / train | 48 | |
| Enter build submenu | 22 | |
| Enter hero's abilities submenu | 5 | |
| Right click | 393 | |
| Select / deselect | 249 | |
| Select group hotkey | 375 | |
| Use ability | 37 | |
1157 total
» units
| Wisp | 16 | |
| Archer | 10 | |
| Dryad | 9 | |
| Druid of the Claw | 2 | |
37 total
» upgrades
| Abolish Magic | 1 | |
| Druid of the Claw Training | 1 | |
2 total
» buildings
| Moon Well | 8 | |
| Ancient of War | 1 | |
| Altar of Elders | 1 | |
| Tree of Ages | 1 | |
| Hunter's Hall | 1 | |
| Ancient of Lore | 2 | |
| Tree of Life | 2 | |
| Tree of Eternity | 1 | |
| Ancient Protector | 3 | |
| Ancient of Wonders | 1 | |
21 total
» build order
00:17 Moon Well
00:51 Ancient of War
00:57 Altar of Elders
01:26 Moon Well
02:34 Moon Well
03:34 Tree of Ages
04:34 Hunter's Hall
05:51 Moon Well
05:58 Ancient of Lore
06:38 Ancient of Lore
06:41 Moon Well
06:46 Tree of Life
07:47 Moon Well
08:57 Moon Well
09:57 Moon Well
11:05 Tree of Eternity
12:33 Tree of Life
12:36 Ancient Protector
12:38 Ancient Protector
12:39 Ancient Protector
13:48 Ancient of Wonders
PIastic (
green | 102 APM | 5525 actions | 54:13)
9 Archmage
3 Summon Water Elemental
3 Brilliance Aura
2 Blizzard
1 Mass Teleport
» actions
| Assign group hotkey | 124 | |
| Basic commands | 278 | |
| Build / train | 236 | |
| ESC pressed | 21 | |
| Enter build submenu | 68 | |
| Enter hero's abilities submenu | 10 | |
| Give item / drop item | 26 | |
| Right click | 1923 | |
| Select / deselect | 563 | |
| Select group hotkey | 1852 | |
| Use ability | 424 | |
5525 total
» units
| Peasant | 26 | |
| Footman | 9 | |
| Goblin Shredder | 2 | |
| Goblin Zeppelin | 5 | |
| Goblin Sapper | 11 | |
| Dragonhawk Rider | 9 | |
| Gryphon Rider | 5 | |
67 total
» upgrades
| Masonry | 3 | |
| Swords | 3 | |
| Armor | 3 | |
| Animal War Training | 1 | |
| Storm Hammers | 1 | |
| Lumber Harvesting | 2 | |
| Cloud | 1 | |
| Spiked Barricades | 1 | |
15 total
» buildings
| Barracks | 1 | |
| Altar of Kings | 1 | |
| Farm | 10 | |
| Arcane Vault | 1 | |
| Lumber Mill | 1 | |
| Town Hall | 4 | |
| Keep | 5 | |
| Blacksmith | 1 | |
| Scout Tower | 44 | |
| Guard Tower | 76 | |
| Castle | 3 | |
| Gryphon Aviary | 6 | |
| Moon Well | 5 | |
158 total
» build order
00:51 Barracks
00:53 Altar of Kings
00:57 Farm
01:06 Farm
01:15 Farm
02:15 Farm
02:26 Arcane Vault
02:40 Lumber Mill
03:50 Town Hall
05:06 Keep
05:06 Keep
05:06 Keep
05:11 Blacksmith
06:03 Scout Tower
06:05 Scout Tower
06:08 Scout Tower
06:10 Scout Tower
06:12 Scout Tower
06:25 Scout Tower
06:32 Guard Tower
06:33 Guard Tower
06:33 Guard Tower
06:33 Guard Tower
06:37 Guard Tower
06:37 Guard Tower
06:38 Guard Tower
06:50 Guard Tower
06:50 Guard Tower
06:51 Guard Tower
06:51 Guard Tower
06:51 Guard Tower
07:44 Farm
08:02 Guard Tower
08:55 Castle
08:55 Castle
09:01 Scout Tower
09:04 Scout Tower
09:09 Scout Tower
09:11 Farm
09:14 Farm
09:30 Guard Tower
09:31 Guard Tower
09:31 Guard Tower
09:31 Guard Tower
09:31 Guard Tower
09:32 Guard Tower
09:38 Scout Tower
09:40 Guard Tower
09:41 Guard Tower
09:55 Farm
10:14 Guard Tower
10:49 Gryphon Aviary
10:51 Gryphon Aviary
11:56 Town Hall
11:59 Scout Tower
12:00 Scout Tower
12:01 Scout Tower
12:02 Scout Tower
12:03 Scout Tower
12:04 Scout Tower
12:05 Scout Tower
12:06 Scout Tower
12:07 Scout Tower
12:08 Scout Tower
12:09 Scout Tower
12:11 Scout Tower
12:11 Scout Tower
12:12 Scout Tower
12:12 Scout Tower
12:13 Scout Tower
12:14 Scout Tower
12:15 Scout Tower
12:17 Scout Tower
12:33 Guard Tower
12:34 Guard Tower
13:07 Scout Tower
13:07 Scout Tower
13:08 Scout Tower
13:09 Scout Tower
13:10 Scout Tower
13:11 Scout Tower
13:13 Scout Tower
13:20 Guard Tower
13:20 Guard Tower
13:23 Guard Tower
13:24 Guard Tower
13:27 Guard Tower
13:41 Guard Tower
13:42 Guard Tower
13:42 Guard Tower
13:44 Guard Tower
13:44 Guard Tower
13:44 Guard Tower
13:46 Guard Tower
13:46 Guard Tower
13:49 Guard Tower
13:49 Guard Tower
13:49 Guard Tower
14:30 Guard Tower
14:30 Guard Tower
14:31 Guard Tower
14:52 Gryphon Aviary
14:53 Gryphon Aviary
15:40 Scout Tower
15:41 Scout Tower
15:41 Scout Tower
15:42 Scout Tower
15:42 Scout Tower
15:43 Scout Tower
15:44 Scout Tower
15:45 Scout Tower
16:36 Guard Tower
16:36 Guard Tower
16:37 Guard Tower
18:33 Guard Tower
18:33 Guard Tower
18:55 Guard Tower
18:56 Guard Tower
22:46 Moon Well
22:46 Moon Well
22:48 Moon Well
23:12 Farm
24:29 Farm
26:04 Moon Well
26:05 Moon Well
28:08 Gryphon Aviary
28:10 Gryphon Aviary
33:36 Town Hall
35:16 Town Hall
» items
| Staff of Teleportation | 1 | |
| Periapt of Vitality | 1 | |
| Scroll of Regeneration | 12 | |
| Mechanical Critter | 3 | |
| Tome of Retraining | 1 | |
| Lesser Clarity Potion | 1 | |
| Scroll of Town Portal | 6 | |
| Potion of Healing | 4 | |
| Dust of Appearance | 1 | |
30 total

»
NiliDiddler (
orange | 85 APM | 1416 actions | 16:38)
3 Far Seer
1 Feral Spirit
2 Chain Lighting
1 Shadow Hunter
1 Healing Wave
» actions
| Assign group hotkey | 19 | |
| Basic commands | 21 | |
| Build / train | 52 | |
| Enter build submenu | 17 | |
| Enter hero's abilities submenu | 4 | |
| Remove unit from queue | 1 | |
| Right click | 692 | |
| Select / deselect | 238 | |
| Select group hotkey | 313 | |
| Use ability | 59 | |
1416 total
» units
| Peon | 14 | |
| Grunt | 10 | |
| Raider | 6 | |
| Shaman | 3 | |
33 total
» upgrades
| Armor | 1 | |
| Melee Weapons | 1 | |
| Ensnare | 1 | |
| Shaman Training | 1 | |
| Berserker Strength | 1 | |
5 total
» buildings
| Barracks | 1 | |
| Orc Burrow | 5 | |
| Altar of Storms | 1 | |
| Voodoo Lounge | 1 | |
| War Mill | 1 | |
| Stronghold | 1 | |
| Great Hall | 1 | |
| Beastiary | 1 | |
| Spirit Lodge | 1 | |
| Watch Tower | 5 | |
| Fortress | 1 | |
19 total
» build order
00:14 Barracks
00:18 Orc Burrow
00:33 Altar of Storms
01:41 Orc Burrow
02:15 Voodoo Lounge
02:42 Orc Burrow
03:34 War Mill
04:23 Orc Burrow
05:51 Stronghold
07:36 Great Hall
08:33 Beastiary
09:35 Spirit Lodge
10:28 Watch Tower
10:49 Watch Tower
11:27 Watch Tower
12:17 Watch Tower
12:26 Fortress
13:26 Watch Tower
13:31 Orc Burrow
» items
| Scroll of Town Portal | 1 | |
| Healing Salve | 2 | |
| Lesser Clarity Potion | 1 | |
| Potion of Mana | 1 | |
5 total
Chat log
(02:47 / Allies) Pr0FeC: ground
(04:39 / Allies) CanIWinPlease: move
(05:39 / Allies) Pr0FeC: waste of My time with you on board teal
(05:43 / Allies) Pr0FeC: you are bad at this game
(07:02 / Allies) CanIWinPlease: stop using my foutain then
(10:21 / Allies) Pr0FeC: stay teal coming
(10:27 / Allies) Pr0FeC: let us push
(10:37 / Allies) Pr0FeC: teal
(10:54 / All) TreantTongue: TT
(12:34 / Allies) Pr0FeC: again
(12:51 / Allies) Pr0FeC: lets go teal
(15:11 / All) BlazeFury: GG
(15:30 / All) ShippedMyPants: second game in a row
(15:36 / All) Pr0FeC: gg
(16:32 / All) PIastic: nice peasants purple
(16:50 / All) Pr0FeC: you won the battle against My peasants but you lost the War
(17:14 / All) Pr0FeC: again, you won the battle against My peasants but you lost the War
(17:27 / All) Pr0FeC: you like?
(17:31 / All) PIastic: nope
(17:32 / All) PIastic: I won the war
(17:33 / All) PIastic: you lost
(17:34 / All) PIastic: out
(17:44 / All) Pr0FeC: yawn
(18:08 / All) PIastic: nice gryphons
(18:08 / All) PIastic: tp
(18:09 / All) PIastic: get out
(19:00 / All) PIastic: lmao
(19:01 / All) BlazeFury: your such a noob
(19:02 / All) PIastic: good work blue
(19:02 / All) BlazeFury: lmao
(19:52 / All) PIastic: all you can do is hero focus since oyu can't kill my shit since you are shit
(20:15 / All) BlazeFury: your stupid for even staying in this game noob
(20:26 / All) PIastic: how come when it's over and you lost???????
(20:36 / All) BlazeFury: RIGHT
(20:38 / All) BlazeFury: noob
(20:43 / All) PIastic: lmao good work free units from the noob elf!
(20:47 / All) Pr0FeC: you killed all My peasants but you lost the War
(20:53 / All) Pr0FeC: how do you justify?
(20:59 / All) PIastic: I won the war
(21:04 / All) PIastic: shut the fuck up and get the fuck out, trashcan
(21:13 / Allies) CanIWinPlease: gold pls
(21:13 / Allies) CanIWinPlease: red
(21:17 / All) Pr0FeC: how much money?
(21:26 / Allies) TreantTongue: Lumber?
(21:30 / All) PIastic: 8k
(21:31 / All) PIastic: 2 expos
(22:04 / Allies) BlazeFury: gol?
(22:06 / Allies) BlazeFury: gold
(22:34 / All) PIastic: now with that food I can make gryphons instead
(22:35 / All) PIastic: lol
(22:45 / All) Pr0FeC: why gryph
(22:48 / All) Pr0FeC: hawks own gryph
(22:58 / All) PIastic: because you have ground and you don't have shit to do anything against my anything
(23:17 / All) Pr0FeC: we shall see
(23:29 / All) PIastic: yep we will, we'll see you getting assraped and asspained from how hurt you are
(23:43 / All) Pr0FeC: queer mouth kid
(23:44 / All) PIastic: oh blue has units
(23:50 / All) PIastic: good thing I have gold and he doesn't have shit
(25:14 / Allies) BlazeFury: why red?
(25:15 / Allies) BlazeFury: wtf
(25:15 / Allies) BlazeFury: lol
(25:25 / Allies) TreantTongue: You talking shit man, stop talking shit and be respectful
(25:28 / All) Pr0FeC: red has 10 000 gold
(25:36 / Allies) BlazeFury: the fuck
(25:37 / All) PIastic: good thign he isn't doing shit to me then buddy
(25:37 / All) Pr0FeC: and you still losing
(25:48 / All) Pr0FeC: you lost 3 vs four
(25:51 / All) PIastic: nope
(25:56 / All) PIastic: but keep shit talking buddy boy
(25:58 / Allies) CanIWinPlease: gold red
(26:01 / All) PIastic: makes it all the worse when you lose and eat shit
(26:03 / All) Pr0FeC: ok queer mouth kid
(27:01 / All) PIastic: what teh fuck
(27:19 / All) Pr0FeC: what I tell you
(27:27 / All) PIastic: no fucking way those shouldn't have tped
(27:37 / All) Pr0FeC: red fighting for you now
(27:41 / Allies) Pr0FeC: take red out
(27:42 / All) PIastic: takes three of you faggots to do anything to me
(27:45 / All) PIastic: and bad luck with a tp
(28:10 / Allies) BlazeFury: just stop red
(28:25 / All) Pr0FeC: red might be your homosexual lover
(28:29 / All) Pr0FeC: starting to bs
(28:39 / All) PIastic: I told you that it was over
(28:41 / Allies) BlazeFury: just finish buldings
(28:42 / Allies) TreantTongue: Wtf you call me?
(28:42 / All) PIastic: so shut the fuck up, and get the fuck out
(28:49 / All) Pr0FeC: red is your butt buddy
(29:05 / All) TreantTongue: Gotta sell the badass cloak of flames, just no utility anymore
(29:07 / Allies) BlazeFury: should be collectively go rape red?
(29:21 / Allies) Pr0FeC: yes
(29:54 / All) PIastic: takes two of you to do shit
(30:08 / All) PIastic: can't fight on your own since you're fucking fairies
(30:52 / All) PIastic: nice tree
(30:56 / All) PIastic: the answer to your question is no, teal
(31:15 / All) PIastic: lmao is that for real?
(31:28 / All) PIastic: good work blue
(31:31 / All) PIastic: you sure are winning this game! LOL
(31:34 / All) Pr0FeC: we know reds ip address and cd key
(31:39 / All) PIastic: i'd call that free xp except I'm lvl 10
(31:39 / All) TreantTongue: That so?
(31:42 / All) Pr0FeC: pc will be hacked
(31:45 / All) PIastic: lmfao
(31:50 / All) PIastic: how buttmad are you right now purple?
(31:52 / All) TreantTongue: I'm shivering in my autism shoes
(31:58 / All) PIastic: told you to get the fuck out and shut the fuck up but your dumbass wouldn't listen
(32:00 / All) Pr0FeC: that red is on your side
(32:32 / All) PIastic: teal is real pro gets dhawks since they aren't on hold position
(32:35 / All) PIastic: then loses every fucking hippo
(32:38 / All) TreantTongue: What's my IP, purple?
(32:39 / All) PIastic: since he suicides them to the tower line
(32:40 / All) PIastic: what a pro
(33:03 / All) PIastic: how about you get the fuck out and shut the fuck up and follow their lead now blue?
(33:08 / All) PIastic: and go kill yourself while you're at it
(33:11 / All) PIastic: you're complete fucking garbage
(33:37 / All) TreantTongue: Run, runner!
(35:00 / All) PIastic: sup purple peasants
(35:04 / All) PIastic: you using those blue?
(35:57 / All) PIastic: hi
(35:59 / All) PIastic: nice mk
(36:04 / All) BlazeFury: nie mh
(36:09 / All) PIastic: ty
(36:23 / All) PIastic: leave please, trashcan
(36:27 / All) PIastic: or stay to eat more of my shit
(36:29 / All) PIastic: your choice, shit
(36:57 / All) PIastic: sup
(37:14 / All) BlazeFury: have fun ill alt tab
(37:18 / All) BlazeFury: till red leave
(37:19 / All) PIastic: thanks :)
(37:20 / All) PIastic: I will
(37:21 / All) BlazeFury: or you kill him
(37:23 / All) BlazeFury: dont really care
(37:29 / All) PIastic: shut the fuck up and get the fuck out already, trashcan
(37:32 / All) PIastic: stop talking
(37:37 / All) PIastic: it's as retarded and useless as you are
(39:03 / All) PIastic: having fun controlling that paladin blue?
(42:17 / All) PIastic: +33 damage am lol
(44:10 / All) TreantTongue: No where to hide now, professor chaos!
(44:12 / All) TreantTongue: AHAHAHA!
(44:24 / All) PIastic: Purp 2 food somewhere
(44:30 / All) PIastic: Having fun blue?
(44:31 / All) PIastic: I sure am
(46:09 / All) TreantTongue: Not the best spot
(46:11 / All) PIastic: what a waste of a level 10 dragon when yellow has it
(46:11 / All) TreantTongue: Ho ho ho!~
(46:21 / All) TreantTongue: He got the dragon
(46:24 / All) TreantTongue: ?
(46:26 / All) TreantTongue: that motherfucker!
(46:27 / All) PIastic: yeah
(46:28 / All) PIastic: apparently
(46:47 / All) PIastic: my top left expo
(46:50 / All) PIastic: trying to harass
(46:51 / All) PIastic: lol
(47:22 / All) TreantTongue: There can be only one dragon master in these lands
(48:12 / All) PIastic: wtf why did he fly onto your island lol
(49:12 / All) PIastic: Yellow is finished
(49:32 / All) TreantTongue: Looks like it shall be a standoff
(50:37 / All) meghan: you guysa are both fags
(50:47 / All) PIastic: lawl
(50:59 / All) PIastic: We are going to kill everything, including our own units
(51:03 / All) PIastic: Neither side will be able to finish the other
(51:09 / All) PIastic: You can leave your computerso n all night for the win
(51:11 / All) PIastic: Does that sound fair?
(54:04 / All) TreantTongue: Good luck to you, new friends
(54:11 / All) PIastic: Good luck everyone
(54:12 / All) TreantTongue: Have a nice night